TOP OF THE 1ST |
New York Yankees batting - Pitching for Baltimore Orioles : RHP Antonio Escobosa
|
Pitching: RHP Antonio Escobosa
|
|
Batting: LHB Jason Peck
|
0-0: Foul Ball, location: 2F 0-1: Ball 1-1: Fly out, F7 (Flyball, 7D, EV 85.0 MPH)
|
Batting: LHB Jordan de Jesus
|
0-0: Called Strike 0-1: Fly out, F3 (Popup, 3S, EV 71.9 MPH)
|
Batting: SHB Bartholomeu Chambino
|
0-0: Ball 1-0: Ball 2-0: Ball 3-0: Base on Balls
|
Batting: LHB Evan Torraville
|
0-0: Called Strike 0-1: Swinging Strike 0-2: Ball Bartholomeu Chambino is caught stealing 2nd base 2-6
|
Top of the 1st over - 0 runs, 0 hits, 0 errors, 0 left on base; New York 0 - Baltimore 0 |
BOTTOM OF THE 1ST |
Baltimore Orioles batting - Pitching for New York Yankees : RHP John Brice
|
Pitching: RHP John Brice
|
|
Batting: RHB Vince Jackson
|
0-0: Ground out U3 (Groundball, 34, EV 85.6 MPH)
|
Batting: LHB Jesus Lozano
|
0-0: Called Strike 0-1: Ball 1-1: Ball 2-1: Swinging Strike 2-2: Ball 3-2: Base on Balls
|
Batting: RHB Rudo Garciaparra
|
0-0: Called Strike 0-1: Called Strike 0-2: Fly out, F8 (Flyball, 8LXD, EV 99.4 MPH)
|
Batting: LHB Brad Pepin
|
0-0: Ball 1-0: Ball 2-0: SINGLE (Line Drive, 78M, EV 100.6 MPH) Jesus Lozano to second
|
Batting: RHB Marc Peckermark
|
0-0: Ground out 5-3 (Groundball, 56S, EV 85.0 MPH)
|
Bottom of the 1st over - 0 runs, 1 hit, 0 errors, 2 left on base; New York 0 - Baltimore 0 |
TOP OF THE 2ND |
New York Yankees batting - Pitching for Baltimore Orioles : RHP Antonio Escobosa
|
Batting: LHB Evan Torraville
|
0-0: Ball 1-0: Swinging Strike 1-1: Called Strike 1-2: Ball 2-2: Foul Ball, location: 2F 2-2: Fly out, F7 (Line Drive, 7S, EV 110.6 MPH)
|
Batting: RHB James Boynton
|
0-0: Ball 1-0: Ball 2-0: Fly out, F7 (Flyball, 7S, EV 73.8 MPH)
|
Batting: LHB Jim Skare
|
0-0: Ball 1-0: Called Strike 1-1: Foul Ball, location: 2F 1-2: Ball 2-2: Ball 3-2: Base on Balls
|
Batting: RHB Geni Prawiranega
|
0-0: Ball 1-0: Ball 2-0: Ball 3-0: DOUBLE (Line Drive, 89XD, EV 105.6 MPH) Jim Skare to third
|
Batting: LHB David Bramble
|
0-0: Ball 1-0: Ball 2-0: Ball 3-0: Called Strike 3-1: Base on Balls
|
Batting: RHB Russ Shambaugh
|
0-0: Called Strike 0-1: Ball 1-1: SINGLE (Groundball, 56D, EV 108.1 MPH) Jim Skare scores Geni Prawiranega to third David Bramble to second Runner from 3rd tries for Home, SAFE, throw by LF to home
|
Batting: LHB Jason Peck
|
0-0: Ball 1-0: Hit by Pitch David Bramble to third Russ Shambaugh to second
|
Batting: LHB Jordan de Jesus
|
0-0: Ball 1-0: Foul Ball, location: 2F 1-1: Foul Ball, location: 2F 1-2: Foul Ball, location: 2F 1-2: Ball 2-2: Strikes out swinging
|
Top of the 2nd over - 2 runs, 2 hits, 0 errors, 3 left on base; New York 2 - Baltimore 0 |
BOTTOM OF THE 2ND |
Baltimore Orioles batting - Pitching for New York Yankees : RHP John Brice
|
Batting: LHB Tommy Luce
|
0-0: Ground out 4-3 (Groundball, 4, EV 81.2 MPH)
|
Batting: SHB Robert Handy
|
0-0: Ball 1-0: Ball 2-0: Foul Ball, location: 2F 2-1: Ball 3-1: Foul Ball, location: 2F 3-2: Foul Ball, location: 2F 3-2: DOUBLE (Groundball, 3L, EV 105.0 MPH)
|
Batting: LHB Paul Diaz
|
0-0: Fly out, F8 (Flyball, 8LD, EV 76.9 MPH)
|
Batting: SHB Gareth Busby
|
0-0: Ball 1-0: Ball 2-0: Ball 3-0: Called Strike 3-1: Fly out, F3 (Popup, 23F, EV 78.1 MPH)
|
Bottom of the 2nd over - 0 runs, 1 hit, 0 errors, 1 left on base; New York 2 - Baltimore 0 |
TOP OF THE 3RD |
New York Yankees batting - Pitching for Baltimore Orioles : RHP Antonio Escobosa
|
Batting: SHB Bartholomeu Chambino
|
0-0: Called Strike 0-1: Ball 1-1: SINGLE (Groundball, 34D, EV 100.0 MPH)
|
Batting: LHB Evan Torraville
|
0-0: Ball 1-0: Swinging Strike 1-1: Foul Ball, location: 2F 1-2: Strikes out swinging
|
Batting: RHB James Boynton
|
0-0: Fly out, F7 (Flyball, 78S, EV 87.5 MPH)
|
Batting: LHB Jim Skare
|
0-0: Ball 1-0: Fielders Choice at 2nd, 6-4 (Groundball, 6MD, EV 111.2 MPH)
|
Top of the 3rd over - 0 runs, 1 hit, 0 errors, 1 left on base; New York 2 - Baltimore 0 |
BOTTOM OF THE 3RD |
Baltimore Orioles batting - Pitching for New York Yankees : RHP John Brice
|
Batting: RHB Vince Jackson
|
0-0: Foul Ball, location: 2F 0-1: Fly out, F9 (Flyball, 9LS, EV 90.0 MPH)
|
Batting: LHB Jesus Lozano
|
0-0: Ball 1-0: Ball 2-0: Ball 3-0: Called Strike 3-1: Ground out 4-3 (Groundball, 4, EV 89.4 MPH)
|
Batting: RHB Rudo Garciaparra
|
0-0: Ball 1-0: Called Strike 1-1: Ball 2-1: Foul Ball, location: 2F 2-2: Ball 3-2: Foul Ball, location: 2F 3-2: Base on Balls
|
Batting: LHB Brad Pepin
|
0-0: Foul Ball, location: 2F 0-1: Ground out 4-3 (Groundball, 4D, EV 102.5 MPH)
|
Bottom of the 3rd over - 0 runs, 0 hits, 0 errors, 1 left on base; New York 2 - Baltimore 0 |
TOP OF THE 4TH |
New York Yankees batting - Pitching for Baltimore Orioles : RHP Antonio Escobosa
|
Batting: RHB Geni Prawiranega
|
0-0: Foul Ball, location: 2F 0-1: Ground out 4-3 (Groundball, 4, EV 99.4 MPH)
|
Batting: LHB David Bramble
|
0-0: Ball 1-0: Ball 2-0: Ball 3-0: Base on Balls
|
Batting: RHB Russ Shambaugh
|
0-0: Ball 1-0: Ball 2-0: Fly out, F8 (Flyball, 8RM, EV 83.1 MPH)
|
Batting: LHB Jason Peck
|
0-0: Called Strike 0-1: Ball 1-1: Ball 2-1: Called Strike 2-2: Strikes out swinging
|
Top of the 4th over - 0 runs, 0 hits, 0 errors, 1 left on base; New York 2 - Baltimore 0 |
BOTTOM OF THE 4TH |
Baltimore Orioles batting - Pitching for New York Yankees : RHP John Brice
|
Batting: RHB Marc Peckermark
|
0-0: Ground out 6-3 (Groundball, 6, EV 103.1 MPH)
|
Batting: LHB Tommy Luce
|
0-0: Ball 1-0: Called Strike 1-1: Foul Ball, location: 2F 1-2: Ground out 6-3 (Groundball, 6MD, EV 104.4 MPH)
|
Batting: SHB Robert Handy
|
0-0: Ball 1-0: Swinging Strike 1-1: Ball 2-1: Called Strike 2-2: Foul Ball, location: 2F 2-2: Ball 3-2: Base on Balls
|
Batting: LHB Paul Diaz
|
0-0: Ball 1-0: Ball 2-0: Ball 3-0: Called Strike 3-1: Foul Ball, location: 2F 3-2: Base on Balls Robert Handy to second
|
Batting: SHB Gareth Busby
|
0-0: Hit by Pitch Robert Handy to third Paul Diaz to second
|
Batting: RHB Vince Jackson
|
0-0: Foul Ball, location: 2F 0-1: Ball 1-1: Fly out, F4 (Popup, 34D, EV 70.6 MPH)
|
Bottom of the 4th over - 0 runs, 0 hits, 0 errors, 3 left on base; New York 2 - Baltimore 0 |
TOP OF THE 5TH |
New York Yankees batting - Pitching for Baltimore Orioles : RHP Antonio Escobosa
|
Batting: LHB Jordan de Jesus
|
0-0: Ball 1-0: Ball 2-0: Ball 3-0: Base on Balls
|
Batting: SHB Bartholomeu Chambino
|
0-0: Ball 1-0: Fly out, F7 (Flyball, 7D, EV 73.8 MPH)
|
Batting: LHB Evan Torraville
|
0-0: Foul Ball, location: 2F 0-1: DOUBLE (Groundball, 3L, EV 94.4 MPH) Jordan de Jesus to third
|
Batting: RHB James Boynton
|
0-0: Ball Wild Pitch! Jordan de Jesus scores Evan Torraville to third 1-0: Foul Ball, location: 2F 1-1: Ball 2-1: SINGLE (Line Drive, 89S, EV 105.0 MPH) Evan Torraville scores
|
Batting: LHB Jim Skare
|
0-0: Swinging Strike 0-1: Foul Ball, location: 2F 0-2: Ball 1-2: Grounds into double play, 4-6-3 (Groundball, 4, EV 85.6 MPH)
|
Top of the 5th over - 2 runs, 2 hits, 0 errors, 0 left on base; New York 4 - Baltimore 0 |
BOTTOM OF THE 5TH |
Baltimore Orioles batting - Pitching for New York Yankees : RHP John Brice
|
Batting: LHB Jesus Lozano
|
0-0: Ball 1-0: Foul Ball, location: 2F 1-1: Ground out 6-3 (Groundball, 6, EV 87.5 MPH)
|
Batting: RHB Rudo Garciaparra
|
0-0: Fly out, F3 (Popup, 34, EV 68.8 MPH)
|
Batting: LHB Brad Pepin
|
0-0: Called Strike 0-1: Ball 1-1: Ball 2-1: Called Strike 2-2: Fly out, F8 (Line Drive, 8LXD, EV 99.4 MPH)
|
Bottom of the 5th over - 0 runs, 0 hits, 0 errors, 0 left on base; New York 4 - Baltimore 0 |
TOP OF THE 6TH |
New York Yankees batting - Pitching for Baltimore Orioles : RHP Antonio Escobosa
|
Batting: RHB Geni Prawiranega
|
0-0: Called Strike 0-1: Fly out, F5 (Popup, 56, EV 67.5 MPH)
|
Batting: LHB David Bramble
|
0-0: Ball 1-0: Foul Ball, location: 2F 1-1: Fly out, F7 (Flyball, 78D, EV 99.4 MPH)
|
Batting: RHB Russ Shambaugh
|
0-0: Ball 1-0: Called Strike 1-1: Called Strike 1-2: Foul Ball, location: 2F 1-2: Foul Ball, location: 2F 1-2: Ball 2-2: Strikes out looking
|
Top of the 6th over - 0 runs, 0 hits, 0 errors, 0 left on base; New York 4 - Baltimore 0 |
BOTTOM OF THE 6TH |
Baltimore Orioles batting - Pitching for New York Yankees : RHP John Brice
|
Batting: RHB Marc Peckermark
|
0-0: Ball 1-0: Foul Ball, location: 2F 1-1: Ball 2-1: Ball 3-1: SINGLE (Line Drive, 5D, EV 100.6 MPH)
|
Batting: LHB Tommy Luce
|
0-0: Ball 1-0: Ball 2-0: Ball 3-0: Called Strike 3-1: Called Strike 3-2: Foul Ball, location: 2F 3-2: Foul Ball, location: 2F 3-2: Base on Balls Marc Peckermark to second
|
Batting: SHB Robert Handy
|
0-0: Called Strike 0-1: 3-RUN HOME RUN (Flyball, 78XD, EV 98.8 MPH), Distance : 383 ft
|
Batting: LHB Paul Diaz
|
0-0: Ball 1-0: Ball 2-0: Called Strike 2-1: Foul Ball, location: 2F 2-2: Fly out, F9 (Flyball, 9S, EV 80.6 MPH)
|
Batting: SHB Gareth Busby
|
0-0: Ball 1-0: Called Strike 1-1: Foul Ball, location: 2F 1-2: Strikes out swinging
|
Batting: RHB Vince Jackson
|
0-0: Ball 1-0: Ball 2-0: Ball 3-0: Called Strike 3-1: Base on Balls
|
Pitching: LHP Robert Cruz
|
|
Batting: LHB Jesus Lozano
|
|
Pinch Hitting: SHB Aldo Questi
|
0-0: Ball 1-0: Foul Ball, location: 2F 1-1: Ball 2-1: Swinging Strike 2-2: Ball 3-2: Ground out 1-3 (Groundball, 13S, EV 72.5 MPH)
|
Bottom of the 6th over - 3 runs, 2 hits, 0 errors, 1 left on base; New York 4 - Baltimore 3 |
TOP OF THE 7TH |
New York Yankees batting - Pitching for Baltimore Orioles : RHP Antonio Escobosa
|
Pitching: LHP Brad Jonas
|
|
Now at 1B: Aldo Questi
|
|
Now at 2B: Paul Diaz
|
|
Batting: LHB Jason Peck
|
0-0: Ball 1-0: Foul Ball, location: 2F 1-1: Ball 2-1: Foul Ball, location: 2F 2-2: Ground out U3 (Groundball, 3L, EV 86.9 MPH)
|
Batting: LHB Jordan de Jesus
|
0-0: Ball 1-0: Ball 2-0: Ball 3-0: Called Strike 3-1: Called Strike 3-2: Ground out 5-3 (Groundball, 5S, EV 90.6 MPH)
|
Batting: SHB Bartholomeu Chambino
|
0-0: Ground out U3 (Groundball, 34, EV 105.0 MPH)
|
Top of the 7th over - 0 runs, 0 hits, 0 errors, 0 left on base; New York 4 - Baltimore 3 |
BOTTOM OF THE 7TH |
Baltimore Orioles batting - Pitching for New York Yankees : LHP Robert Cruz
|
Batting: RHB Rudo Garciaparra
|
0-0: Fly out, F4 (Popup, 4, EV 65.0 MPH)
|
Batting: LHB Brad Pepin
|
0-0: Ball 1-0: SINGLE (Groundball, 6MD, EV 97.5 MPH)
|
Batting: RHB Marc Peckermark
|
0-0: Ball 1-0: Foul Ball, location: 2F 1-1: Foul Ball, location: 2F 1-2: Strikes out swinging
|
Pinch Hitting: SHB Jason Hayes
|
0-0: Ball 1-0: Called Strike 1-1: Ball 2-1: Ball 3-1: Base on Balls Brad Pepin to second
|
Batting: SHB Robert Handy
|
0-0: Called Strike 0-1: Ball 1-1: Ball 2-1: Swinging Strike 2-2: Ball 3-2: Strikes out swinging
|
Bottom of the 7th over - 0 runs, 1 hit, 0 errors, 2 left on base; New York 4 - Baltimore 3 |
TOP OF THE 8TH |
New York Yankees batting - Pitching for Baltimore Orioles : LHP Brad Jonas
|
Now in LF: Bob Melley
|
|
Batting: LHB Evan Torraville
|
0-0: Ball 1-0: Fly out, F7 (Flyball, 78M, EV 96.2 MPH)
|
Batting: RHB James Boynton
|
0-0: Fly out, F7 (Line Drive, 78M, EV 85.6 MPH)
|
Batting: LHB Jim Skare
|
0-0: Ball 1-0: Foul Ball, location: 2F 1-1: Foul Ball, location: 2F 1-2: Ball 2-2: Foul Ball, location: 2F 2-2: Strikes out swinging
|
Top of the 8th over - 0 runs, 0 hits, 0 errors, 0 left on base; New York 4 - Baltimore 3 |
BOTTOM OF THE 8TH |
Baltimore Orioles batting - Pitching for New York Yankees : LHP Robert Cruz
|
Pitching: RHP Steve Grier
|
|
Batting: LHB Paul Diaz
|
0-0: Fly out, F8 (Flyball, 78D, EV 96.9 MPH)
|
Batting: SHB Gareth Busby
|
0-0: SOLO HOME RUN (Flyball, 8RXD, EV 101.9 MPH), Distance : 431 ft
|
Batting: RHB Vince Jackson
|
0-0: SINGLE (Line Drive, 3D, EV 95.6 MPH)
|
Batting: SHB Aldo Questi
|
0-0: Foul Ball, location: 2F 0-1: Ball 1-1: Ground out 5-3 (Groundball, 56S, EV 91.9 MPH) Vince Jackson to second
|
Batting: RHB Rudo Garciaparra
|
0-0: Ball 1-0: Ball 2-0: Called Strike 2-1: Called Strike 2-2: Strikes out looking
|
Bottom of the 8th over - 1 run, 2 hits, 0 errors, 1 left on base; New York 4 - Baltimore 4 |
TOP OF THE 9TH |
New York Yankees batting - Pitching for Baltimore Orioles : LHP Brad Jonas
|
Pitching: RHP Bobby Marble
|
|
Batting: RHB Geni Prawiranega
|
0-0: Called Strike 0-1: Ground out 6-3 (Groundball, 6, EV 82.5 MPH)
|
Batting: LHB David Bramble
|
0-0: Ball 1-0: Ball 2-0: Called Strike 2-1: Foul Ball, location: 2F 2-2: Fly out, F8 (Line Drive, 8LD, EV 97.5 MPH)
|
Batting: RHB Russ Shambaugh
|
0-0: Ball 1-0: Foul Ball, location: 2F 1-1: Ball 2-1: Ball 3-1: Called Strike 3-2: SINGLE (Groundball, 4M, EV 105.0 MPH) (infield hit)
|
Batting: LHB Jason Peck
|
0-0: Foul Ball, location: 2F 0-1: Ball 1-1: Foul Ball, location: 2F 1-2: Ball 2-2: Ball Russ Shambaugh steals 2nd base 3-2: SINGLE (Groundball, 4D, EV 99.4 MPH) Russ Shambaugh to third Runner from 3rd tries for Home, SAFE, throw by CF to home
|
Pitching: RHP Chris Dauphin
|
|
Batting: LHB Jordan de Jesus
|
0-0: Ball 1-0: Ball Jason Peck is caught stealing 2nd base 2-6
|
Top of the 9th over - 1 run, 2 hits, 0 errors, 0 left on base; New York 5 - Baltimore 4 |
BOTTOM OF THE 9TH |
Baltimore Orioles batting - Pitching for New York Yankees : RHP Steve Grier
|
Pitching: LHP Joel Pacheco
|
|
Batting: LHB Brad Pepin
|
0-0: Called Strike 0-1: Foul Ball, location: 2F 0-2: Ball 1-2: Foul Ball, location: 2F 1-2: Foul Ball, location: 2F 1-2: Strikes out swinging
|
Batting: RHB Marc Peckermark
|
0-0: Ball 1-0: SINGLE (Line Drive, 9S, EV 93.8 MPH)
|
Batting: LHB Bob Melley
|
0-0: Ball 1-0: Called Strike 1-1: Swinging Strike 1-2: Strikes out swinging
|
Batting: SHB Robert Handy
|
0-0: Called Strike 0-1: Ball 1-1: Foul Ball, location: 2F 1-2: SINGLE (Flyball, 9LD, EV 101.2 MPH) Marc Peckermark to second Runner from 2nd tries for 3rd, OUT! 9-5
|
Bottom of the 9th over - 0 runs, 2 hits, 0 errors, 1 left on base; New York 5 - Baltimore 4 |
|